 Dungeon Crawl Stone Soup version 0.20.0-14-g326068f (webtiles) character file.

57 Jareth the Poker (level 4, -9/37 HPs)
             Began as a Ghoul Gladiator on June 8, 2017.
             Killed from afar by Sigmund (10 damage)
             ... with a magic dart
             ... on level 2 of the Dungeon.
             The game lasted 00:08:37 (1801 turns).

Jareth the Poker (Ghoul Gladiator)                  Turns: 1801, Time: 00:08:37

Health: -9/37      AC:  5    Str: 18    XL:     4   Next: 0%
Magic:  3/3        EV: 12    Int:  3    God:
Gold:   98         SH:  0    Dex: 10    Spells: 3/3 levels left

rFire    . . .     SeeInvis .   a - +0 trident
rCold    + . .     Gourm    .   (no shield)
rNeg     + + +     Faith    .   k - +0 leather armour
rPois    ∞         Spirit   .   c - +0 helmet
rElec    .         Reflect  .   (no cloak)
rCorr    .         Harm     .   (no gloves)
MR       .....                  j - +0 pair of boots
Stlth    +.........             (no amulet)
Regen    0.0/turn               (no ring)
MPRegen  0.1/turn               (no ring)

@: rotting
A: rotting body, claws 1, carnivore 3, cold resistance 1, negative energy
resistance 3, inhibited regeneration, torment resistance, unbreathing
a: no special abilities


You were on level 2 of the Dungeon.
You were not hungry.

You visited 1 branch of the dungeon, and saw 2 of its levels.

You collected 98 gold pieces.

Inventory:

Hand Weapons
 a - a +0 trident (weapon)
Missiles
 d - 3 throwing nets (quivered)
Armour
 c - a +0 helmet (worn)
 j - a +0 pair of boots (worn)
 k - a +0 leather armour (worn)
Scrolls
 g - a scroll of amnesia {unknown}
 l - 3 scrolls of noise {unknown}
 m - 2 scrolls of identify {unknown}
 n - 2 scrolls of remove curse {unknown}
 p - a scroll of recharging {unknown}
Potions
 b - a potion of resistance {unknown}
 e - a potion of cancellation {unknown}
 h - a potion of haste {unknown}
 i - 3 potions of curing {unknown}
Comestibles
 f - a meat ration
 o - 2 chunks of flesh
 q - a royal jelly


   Skills:
 + Level 2.4 Fighting
 + Level 3.2 Polearms
 + Level 2.0 Throwing
 + Level 1.3 Armour
 + Level 3.1 Dodging


You had 3 spell levels left.
You didn't know any spells.

Dungeon Overview and Level Annotations

Branches:
Dungeon (2/15)

Altars:

Annotations:
D:2 Sigmund


Innate Abilities, Weirdness & Mutations

Your body is rotting away.
You thrive on raw meat.
You are immune to poison.
You have sharp fingernails.
You are carnivorous and can eat meat at any time.
Your flesh is cold resistant. (rC+)
You are immune to negative energy. (rN+++)
You do not regenerate when monsters are visible.
You are immune to unholy pain and torment.
You can survive without breathing.


Message History

You hit Sigmund but do no damage. Sigmund misses you.
You closely miss Sigmund. You hit Sigmund but do no damage.
Sigmund closely misses you.
You closely miss Sigmund.
Sigmund giggles. "Time to reap what you sow."
Sigmund gestures wildly while chanting.
Sigmund flickers and vanishes!
Deactivating autopickup; reactivate with Ctrl-A.
Autopickup is now on.
Deactivating autopickup; reactivate with Ctrl-A.
You barely miss something. Something hits you. Something hits you!
You miss something. Something hits you!
* * * LOW HITPOINT WARNING * * *
A puff of flame appears from out of thin air!
The puff of flame hits you!
* * * LOW HITPOINT WARNING * * *
A magic dart appears from out of thin air!
The magic dart hits you!
You die...

#.# #.### #.# #...## .
#.# #....## ..
#.#####...... ..
#..........## ..
#.........### #.
#.##.##.### ..##..####
#.##.##.# .......@.#
#.##.##.# ......##.#
#.##.##.# #.#.. #.#
#.##.##.# # #. #.#
#.##.##.# ## .. #s#
#.......# ##.
#...####.######...####..
.....................+..
...###########...####..
####..## ##(


You could see a giant cockroach.

Vanquished Creatures
  An adder (D:2)
  2 oozes (D:2)
  An orc (D:1)
  4 giant cockroaches
  5 hobgoblins (D:1)
  4 bats
  6 frilled lizards
  9 goblins (D:1)
  5 kobolds
  3 rats
40 creatures vanquished.

Notes
Turn   | Place    | Note
-------+----------+-------------------------------------------
     0 | D:1      | Jareth the Ghoul Gladiator began the quest for the Orb.
     0 | D:1      | Reached XP level 1. HP: 17/17 MP: 0/0
   282 | D:1      | Reached XP level 2. HP: 24/24 MP: 1/1
   735 | D:1      | Reached XP level 3. HP: 17/29 MP: 2/2
   895 | D:1      | Reached skill level 1 in Armour
  1746 | D:2      | Reached XP level 4. HP: 37/37 MP: 3/3
  1783 | D:2      | Noticed Sigmund
  1798 | D:2      | HP: 1/37 [something/puff of flame (4)]
  1801 | D:2      | Killed from afar by Sigmund

Skill      XL: |  1  2  3 |
---------------+----------+-----
Throwing       | 2 |  2.0
Polearms       | 3 |  3.2
Dodging        | 3 |  3.1
Armour         | 1 |  1.3
Fighting       | |  2.4

Action                   |  1- 3 |  4- 6 || total
-------------------------+-------+-------++-------
Melee: Trident           |   138 |     7 ||   145
  Use: Scroll            |     1 |       ||     1
  Eat: Chunk             |     9 |       ||     9
Armor: Leather armour    |    44 |     1 ||    45
Dodge: Dodged            |    99 |     3 ||   102
